 Dungeon Crawl Stone Soup version 0.20-a0-1016-g241539b (webtiles) character file.

438 FastMan the Chopper (level 7, -1/52 HPs)
             Began as a Formicid Fighter on Apr 16, 2017.
             Slain by FastMan's ghost (15 damage)
             ... on level 5 of the Dungeon.
             The game lasted 00:02:34 (3864 turns).

FastMan the Chopper (Formicid Fighter)              Turns: 3864, Time: 00:02:34

Health: -1/52      AC: 10    Str: 26    XL:     7   Next: 22%
Magic:  7/7        EV:  9    Int:  7    God:
Gold:   116        SH: 11    Dex: 12    Spells: 6/6 levels left

rFire    . . .     SeeInvis +   a - +1 war axe
rCold    . . .     Gourm    .   c - +0 shield
rNeg     . . .     Faith    .   b - +0 scale mail
rPois    .         Spirit   .   (helmet unavailable)
rElec    .         Reflect  .   p - +2 cloak
rCorr    .         Harm     .   (no gloves)
MR       .....                  (no boots)
Stlth    ..........             (no amulet)
Regen    0.2/turn               (no ring)
MPRegen  0.1/turn               (no ring)

@: mighty
A: permanent stasis, dig shafts and tunnels, four strong arms, antennae 3
a: Dig, Shaft Self


You were on level 5 of the Dungeon.
You were not hungry.

You visited 1 branch of the dungeon, and saw 5 of its levels.

You collected 228 gold pieces.
You spent 112 gold pieces at shops.

Inventory:

Hand Weapons
 a - a +1 war axe (weapon)
Armour
 b - a +0 scale mail (worn)
 c - a +0 shield (worn)
 h - a scarf of cold resistance
 p - a +2 cloak (worn)
Jewellery
 k - an uncursed ring of fire
Scrolls
 e - a scroll of enchant weapon
 i - 4 scrolls of remove curse {@r2}
 m - a scroll of recharging
 n - a scroll of enchant armour
Potions
 l - a potion of mutation
 q - a potion of heal wounds {@q2}
Comestibles
 f - 7 bread rations {@e1}
 g - 3 meat rations {@e2}
 j - 6 chunks of flesh


   Skills:
 - Level 3.2 Fighting
 * Level 6.0 Axes
 - Level 3.2 Armour
 + Level 6.0 Shields


You had 6 spell levels left.
You didn't know any spells.

Dungeon Overview and Level Annotations

Branches:
Dungeon (5/15)
 Temple: D:4-7

Altars:
Nemelex Xobeh
Sif Muna

Shops:
D:5 ?

Annotations:
D:5 FastMan's ghost, novice FoFi


Innate Abilities, Weirdness & Mutations

You cannot be hasted, slowed, berserked, paralysed or teleported.
You can dig through walls and to a lower floor.
Your four strong arms can wield two-handed weapons with a shield.
You have a pair of large antennae on your head. (SInv)


Message History

You barely miss FastMan's ghost.
FastMan's ghost is lightly damaged.
FastMan's ghost closely misses you.
You feel very mighty all of a sudden. FastMan's ghost hits you.
You slash FastMan's ghost!
FastMan's ghost is lightly damaged.
FastMan's ghost hits you. FastMan's ghost hits you!
You hit FastMan's ghost.
FastMan's ghost is moderately damaged.
FastMan's ghost hits you!
* * * LOW HITPOINT WARNING * * *
Unknown command.
You hit FastMan's ghost.
FastMan's ghost is moderately damaged.
FastMan's ghost closely misses you.
You hit FastMan's ghost but do no damage.
FastMan's ghost is moderately damaged.
You block FastMan's ghost's attack. FastMan's ghost hits you!
You die...

##.## ... ... ## ... .. ##.##.#
... .. ##.##.# .## #W##.# #......
.. ##@##.# #..##.# .#
##...#.#####..##.# ##.#
##.............##.# ######..#
##.......#####..##.#
........####.........####...#.##.
..[).......'.........'...........
.####...####.........####.<.#.###
.#####..# ##.......## ##.##.#
.##.....# ##.....## ###..#


You could see FastMan's ghost.

Vanquished Creatures
  The ghost of sepiko the Pure, an amateur DrAK of Lugonu (D:4)
  2 orc priests (D:3)
  A hound (D:5)
  A centaur skeleton (D:4)
  Ijyb (D:5)
  3 gnolls (D:4)
  2 adders
  2 oozes
  An adder skeleton (D:4)
  A worm (D:3)
  3 dart slugs
  2 leopard geckos
  10 orcs
  4 bats
  6 giant cockroaches
  10 hobgoblins
  4 jackals (D:1)
  5 kobolds
  A quokka (D:2)
  A ball python (D:4)
  10 frilled lizards
  6 goblins
  A leopard gecko skeleton (D:4)
  7 rats
85 creatures vanquished.

Vanquished Creatures (others)
  5 toadstools (D:1)
5 creatures vanquished.

Grand Total: 90 creatures vanquished

Notes
Turn   | Place    | Note
-------+----------+-------------------------------------------
     0 | D:1      | FastMan the Formicid Fighter began the quest for the Orb.
     0 | D:1      | Reached XP level 1. HP: 18/18 MP: 1/1
    51 | D:1      | Reached XP level 2. HP: 16/24 MP: 2/2
   245 | D:1      | Reached XP level 3. HP: 20/29 MP: 3/3
   857 | D:2      | Reached XP level 4. HP: 33/35 MP: 4/4
  1565 | D:3      | Reached XP level 5. HP: 30/41 MP: 5/5
  1578 | D:3      | Reached skill level 5 in Shields
  1973 | D:3      | HP: 1/41 [orc priest/short sword (3)]
  2710 | D:4      | Noticed sepiko's ghost (amateur DrAK)
  2728 | D:4      | Killed sepiko's ghost
  2728 | D:4      | Reached skill level 5 in Axes
  2728 | D:4      | Reached XP level 6. HP: 18/47 MP: 6/6
  3314 | D:4      | Reached XP level 7. HP: 52/52 MP: 7/7
  3612 | D:5      | Entered Level 5 of the Dungeon
  3700 | D:5      | Noticed Ijyb
  3738 | D:5      | Killed Ijyb
  3757 | D:5      | Found Ipour's Magic Scroll Boutique.
  3771 | D:5      | Bought a scroll of enchant armour for 112 gold pieces
  3798 | D:5      | Found a deep blue altar of Sif Muna.
  3798 | D:5      | Found a sparkling altar of Nemelex Xobeh.
  3853 | D:5      | Noticed FastMan's ghost (novice FoFi)
  3864 | D:5      | Slain by FastMan's ghost

Vault maps used:
D:1:      ldierk_walled_garden, st_stairs_5, minivault_11
D:2:      gammafunk_temple_overflow_statue, first_bread, minmay_fountain_box
D:5:      gammafunk_temple_overflow_wave, serial_shops,
          nicolae_shop_statue_plus, minmay_misc_feat_alley, uniq_sigmund,
          uniq_iyjb, uniq_duvessa

Skill      XL: |  1  2  3  4  5  6  7 |
---------------+----------------------+-----
Shields        | 4 5 6 |  6.0
Axes           | 3 5 6 |  6.0
Fighting       | |  3.2
Armour         | |  3.2

Action                   |  1- 3 |  4- 6 |  7- 9 || total
-------------------------+-------+-------+-------++-------
Melee: War axe           |   103 |   159 |    55 ||   317
  Use: Potion            |       |     2 |     1 ||     3
       Scroll            |       |     6 |       ||     6
  Eat: Chunk             |       |     7 |     1 ||     8
       Royal jelly       |       |     1 |       ||     1
Armor: Scale mail        |    52 |    65 |    22 ||   139
       Skin              |       |    11 |     1 ||    12
Dodge: Dodged            |    33 |    43 |    12 ||    88
Block: Shield            |    53 |   102 |    26 ||   181
